 Dungeon Crawl Stone Soup version 0.24-a0-250-g6074511 (webtiles) character file.

Game seed: 1254572392672843243

49 Borgoz the Cutter (level 4, 0/27 HPs)
             Began as a Kobold Gladiator on Apr 14, 2019.
             Slain by an ice beast (10 damage)
             ... on level 2 of the Dungeon.
             The game lasted 00:01:46 (1137 turns).

Borgoz the Cutter (Kobold Gladiator)                Turns: 1137, Time: 00:01:47

Health: 0/27       AC:  4    Str: 12    XL:     4   Next: 1%
Magic:  4/4        EV: 16    Int:  9    God:
Gold:   36         SH:  0    Dex: 16    Spells: 3/3 levels left

rFire    . . .     SeeInvis .   a - +0 rapier
rCold    . . .     Gourm    .   (shield restricted)
rNeg     . . .     Faith    .   b - +0 leather armour
rPois    .         Spirit   .   c - +0 helmet
rElec    .         Reflect  .   (no cloak)
rCorr    .         Harm     .   (no gloves)
MR       .....                  (no boots)
Stlth    +.........             (no amulet)
HPRegen  0.09/turn              (no ring)
MPRegen  0.09/turn              (no ring)

@: no status effects
A: small, carnivore
a: no special abilities


You were on level 2 of the Dungeon.
You were completely stuffed.

You visited 1 branch of the dungeon, and saw 2 of its levels.

You collected 36 gold pieces.

Inventory:

Hand Weapons
 a - a +0 rapier (weapon)
Missiles
 d - 2 throwing nets (quivered)
Armour
 b - a +0 leather armour (worn)
 c - a +0 helmet (worn)
Scrolls
 g - 2 scrolls of remove curse {unknown}
 h - 2 scrolls of identify {unknown}
 i - a scroll of enchant armour {unknown}
 j - a scroll of blinking {unknown}
 k - a scroll of teleportation {unknown}
 l - 4 scrolls of fog {unknown}
 m - a scroll of amnesia {unknown}
Potions
 o - a potion of curing {unknown}
Comestibles
 f - 4 rations
 n - 3 chunks of flesh


   Skills:
 + Level 2.9 Fighting
 + Level 4.5 Short Blades
 - Level 2.1 Throwing
 + Level 1.2 Armour
 + Level 4.1 Dodging


You had 3 spell levels left.
You didn't know any spells.
Your spell library was empty.

Dungeon Overview and Level Annotations

Branches:
Dungeon (2/15)

Altars:


Innate Abilities, Weirdness & Mutations

You are small and have problems with some larger weapons.
You are carnivorous and can eat meat at any time.


Message History

The ice beast is moderately wounded.
The ice beast struggles against the net.
You hit the ice beast.
The ice beast is moderately wounded.
The ice beast struggles against the net.
You hit the ice beast.
The ice beast is heavily wounded.
The ice beast struggles against the net.
You catch the helpless ice beast completely off-guard!
You puncture the ice beast!
The ice beast is severely wounded.
The ice beast struggles against the net.
You hit the ice beast.
The ice beast is severely wounded.
The ice beast struggles against the net.
The net rips apart, and the ice beast comes free!
You barely miss the ice beast.
The ice beast is severely wounded.
The ice beast hits you. The ice beast freezes you!
You die...

#.#.#..# ##########.#
#...##.# #.# #..###.# #.#
#......# ####### #.#
##.##### #.$...#
#.#######.# #.# #.....#
#.........# #.# #.....#
###.#.##.# #.# #...Y.###
#....# #.# ##...@...#
##.### ##.### #........#
#.####.# #....#
#..#.##..####......#
##.#.#
#..........##.###### #
###.# #..#.....#(##.# #
#.# #........#.##.# #
##.####.............#
######.....).#.....##.####
.......##.##.......##.#


You could see an ice beast.

Vanquished Creatures
  A worm (D:2)
  A dart slug (D:1)
  2 leopard geckos (D:1)
  6 bats
  4 giant cockroaches
  3 goblins
  6 hobgoblins
  3 jackals (D:1)
  3 frilled lizards (D:1)
  4 kobolds
  5 rats
38 creatures vanquished.

Notes
Turn   | Place    | Note
-------+----------+-------------------------------------------
     0 | D:1      | Borgoz the Kobold Gladiator began the quest for the Orb.
     0 | D:1      | Reached XP level 1. HP: 12/12 MP: 1/1
    67 | D:1      | Reached XP level 2. HP: 14/18 MP: 2/2
   317 | D:1      | Reached XP level 3. HP: 18/22 MP: 3/3
   374 | D:1      | Reached skill level 1 in Armour
  1071 | D:2      | Reached XP level 4. HP: 27/27 MP: 4/4
  1127 | D:2      | Noticed an ice beast
  1137 | D:2      | Slain by an ice beast

Levels and vault maps discovered:
D:1:      elethiomel_arrival_maze, layout_basic
D:2:      layout_loops_cross, grunt_decor_arrowhead

Skill      XL: |  1  2  3 |
---------------+----------+-----
Dodging        | 4 |  4.1
Armour         | 1 |  1.2
Fighting       | |  2.9
Short Blades   | |  4.5
Throwing       | |  2.1

Action                   |  1- 3 |  4- 6 || total
-------------------------+-------+-------++-------
Melee: Rapier            |   115 |     6 ||   121
Throw: Throwing net      |       |     1 ||     1
  Use: Potion            |     1 |       ||     1
 Stab: Held in net/web   |       |     1 ||     1
  Eat: Chunk             |     9 |       ||     9
Armor: Leather armour    |    35 |       ||    35
Dodge: Dodged            |   104 |     1 ||   105

Table legend:
 A = Non-vault XP
 B = Vault XP
 C = Vault XP percentage of total XP
 D = Non-vault monster count
 E = Vault monster count
 F = Vault count percentage of total count
                 A         B        C        D         E       F
            +---------+---------+-------+---------+---------+-------
      Total |      70 |       0 |   0.0 |      38 |       0 |   0.0
            +---------+---------+-------+---------+---------+-------
        D:1 |      53 |       0 |   0.0 |      30 |       0 |   0.0
        D:2 |      17 |       0 |   0.0 |       8 |       0 |   0.0
            +---------+---------+-------+---------+---------+-------
